 Dungeon Crawl Stone Soup version 0.22-a0-456-g11ed031 (webtiles) character file.

5856 GameOver the Magician (level 10, -3/136 HPs)
             Began as a Naga Wizard on June 6, 2018.
             Was a Believer of Kikubaaqudgha.
             Slain by a death yak (21 damage)
             ... on level 8 of the Dungeon on June 7, 2018.
             The game lasted 00:40:19 (6643 turns).

GameOver the Magician (Naga Wizard)                 Turns: 6643, Time: 00:40:20

Health: -3/136     AC: 25    Str: 10    XL:     10   Next: 81%
Magic:  16/20      EV:  1    Int: 22    God:    Kikubaaqudgha [**....]
Gold:   29         SH:  0    Dex:  9    Spells: 11/23 levels left

rFire    . . .     SeeInvis +   w - +4 quarterstaff (chaos)
rCold    . . .     Gourm    .   (shield currently unavailable)
rNeg     + + +     Faith    .   (armour currently unavailable)
rPois    +         Spirit   .   (helmet currently unavailable)
rElec    .         Reflect  .   (cloak currently unavailable)
rCorr    .         Harm     .   (gloves currently unavailable)
MR       +....     NoTele   +   (no barding)
Stlth    ++........             (no amulet)
HPRegen  0.32/turn              E - ring of flight
MPRegen  0.17/turn              (no ring)

@: tree-form
A: large, see invisible, slow metabolism 1, spit poison 1, AC +3
a: Spit Poison, Receive Corpses, Renounce Religion


You were on level 8 of the Dungeon.
You worshipped Kikubaaqudgha.
Kikubaaqudgha was pleased with you.
You were hungry.
You were a tree.
You visited 2 branches of the dungeon, and saw 9 of its levels.

You collected 417 gold pieces.
You spent 388 gold pieces at shops.

Inventory:

Hand Weapons
 q - a +0 hunting sling
 t - a +2 whip of venom
 u - a +1 mace of draining
 w - a +4 quarterstaff of chaos (weapon)
Missiles
 n - 59 sling bullets
Armour
 a - a +0 robe (melded)
 b - a +0 hat (melded)
 y - a +0 pair of gloves (melded)
 D - a +0 cloak (melded)
Jewellery
 E - a ring of flight (left branch)
Wands
 z - a wand of polymorph (20)
 A - a wand of iceblast (7)
 F - a wand of scattershot (2)
 J - a wand of acid (9)
Scrolls
 c - 6 scrolls of remove curse
 e - a scroll of noise {unknown}
 i - a scroll of amnesia
 j - 2 scrolls of enchant weapon
 k - 2 scrolls of teleportation
 m - 4 scrolls of fear
 r - a scroll of torment
 B - a scroll of enchant armour {unknown}
 C - a scroll of blinking
 I - a scroll of immolation
 K - 2 scrolls of identify
Potions
 f - a potion of brilliance
 g - 7 potions of curing
 h - 3 potions of heal wounds
 l - a potion of might
 o - 2 potions of flight
 s - a potion of resistance {unknown}
 v - a potion of mutation {unknown}
 x - 2 potions of magic
 H - 2 potions of agility
Comestibles
 d - 25 rations
 p - 3 chunks of flesh


   Skills:
 - Level 6.0 Fighting
 - Level 4.6(6.2) Maces & Flails
 * Level 6.4(7.1) Staves
 - Level 1.5 Dodging
 - Level 3.0 Stealth
 + Level 7.1 Spellcasting
 - Level 6.2 Conjurations
 + Level 2.7 Hexes
   Level 1.0 Summonings
 + Level 3.0 Translocations
 + Level 4.8 Fire Magic
 - Level 5.2 Poison Magic


You had 11 spell levels left.
You knew the following spells:

 Your Spells              Type           Power        Failure   Level  Hunger
a - Magic Dart            Conj           ####         1%          1    None
b - Blink                 Tloc           N/A          3%          2    None
c - Confuse               Hex            ###.....     8%          3    None
d - Mephitic Cloud        Conj/Pois/Air  ###.....     4%          3    None
s - Conjure Flame         Conj/Fire      ####....     2%          3    None

Your spell library contained the following spells:

 Spells                   Type           Power        Failure   Level  Hunger
 Slow                     Hex            ###.....     4%          2    None
 Pain                     Necr           #...         9%          1    None
 Animate Skeleton         Necr           N/A          9%          1    None
 Vampiric Draining        Necr           #.........   24%         3    None
 Call Imp                 Summ           ##......     9%          2    None
 Sublimation of Blood     Necr           #.........   12%         2    None
 Confusing Touch          Hex            ###...       2%          1    None
 Metabolic Englaciation   Hex/Ice        ##........   78%         5    #####..
 Petrify                  Tmut/Erth      #.......     63%         4    ###....
 Gell's Gravitas          Tloc           ###.......   7%          3    None
 Yara's Violent Unravell  Hex/Tmut       ##........   78%         5    #####..


Dungeon Overview and Level Annotations

Branches:
Dungeon (8/15)             Temple (1/1) D:5
   Lair: D:8-11

Altars:
Ashenzari
Cheibriados
Dithmenos
Elyvilon
Fedhas
Gozag
Hepliaklqana
Kikubaaqudgha
Makhleb
Nemelex Xobeh
Okawaru
Qazlal
Ru
Sif Muna
Uskayaw
Vehumet
Wu Jian
Xom
Zin
The Shining One

Shops:
D:4 *   D:8 ![*=


Innate Abilities, Weirdness & Mutations

You cannot wear boots.
((Your serpentine skin is tough. (AC +3)))
You have supernaturally acute eyesight. (SInv)
((Armour fits poorly on your strangely shaped body.))
((Your system is resistant to poisons. (rPois)))
((You cover ground very slowly.))
You have a slow metabolism.
You can spit poison.


Message History

The bolt of acid hits the white imp.
The white imp is splashed with acid.
The acid corrodes the white imp!
You kill the white imp!
Kikubaaqudgha accepts your kill. The death yak gores you.
* * * LOW HITPOINT WARNING * * *
The death yak gores you.
* * * LOW HITPOINT WARNING * * *
Unknown command.
You barely miss the death yak.
The death yak is almost dead.
The death yak gores you but does no damage.
You hit the death yak but do no damage.
The death yak is poisoned.
The death yak is almost dead.
The death yak gores you but does no damage.
You sock the death yak! You burn the death yak.
The death yak is almost dead.
The death yak gores you!!
You die...
Kikubaaqudgha rasps: "You have failed me!
Welcome... death!"

#....# #.#≈≈≈.≈≈≈#.#
#..... #.####(####.#
#....5##
#...........#
#......####
##...########
######....## #..#.#
####>(## #.##.#
##..## #.##.###
##.(####.##.).#
#########
##.Y♣...####.#
........#
####....###.#
..#####.####
#..##...#.#
#....##....#
###.#####...#
##...#####.###...#
##..#
...............###
##...#
..........###........
....#
###.#.###........####
.....#
###.#...÷.######....
##....#


You could see a death yak (berserk).

Vanquished Creatures
  2 two-headed ogres
  The ghost of bubblethief the Cutter, a novice TeAE of Vehumet (D:8)
  A polar bear (D:8)
  A hippogriff (D:7)
  Sigmund (D:6)
  A human (D:7)
  3 yaks
  A hungry ghost (D:7)
  3 hogs (D:7)
  The ghost of Paulus the Slasher, an amateur HuMo (D:3)
  Duvessa (D:6)
  An ice beast (D:7)
  An orc warrior (D:7)
  A phantom (D:5)
  A black bear (D:8)
  An ogre (D:7)
  3 centaurs
  2 bullfrogs
  A wyvern zombie (D:6)
  Dowan (D:6)
  3 scorpions
  A hornet simulacrum (D:8)
  5 howler monkeys
  A bullfrog zombie (D:6)
  2 crimson imps
  A centaur zombie (D:7)
  3 jellies
  A quasit (D:8)
  Crazy Yiuf (D:6)
  4 hounds
  3 orc priests
  Jessica (D:3)
  3 iguanas
  4 orc wizards
  4 worker ants
  A hound zombie (D:6)
  2 hound skeletons (D:4)
  7 adders
  A hound simulacrum (D:8)
  3 white imps (D:8)
  A howler monkey simulacrum (D:8)
  2 ufetubi (D:8)
  An ooze (D:4)
  4 worms
  2 dart slugs
  5 leopard geckos
  14 orcs
  2 ball pythons
  4 bats
  5 giant cockroaches
  7 goblins
  6 hobgoblins
  21 jackals
  7 quokkas
  6 frilled lizards
  5 kobolds
  A leopard gecko simulacrum (D:8)
  A leopard gecko skeleton (D:5)
  A quokka skeleton (D:5)
  3 rats
177 creatures vanquished.

Vanquished Creatures (others)
  An orc wizard (D:8)
1 creature vanquished.

Grand Total: 178 creatures vanquished

Notes
Turn   | Place    | Note
-------+----------+-------------------------------------------
     0 | D:1      | GameOver the Naga Wizard began the quest for the Orb.
     0 | D:1      | Reached XP level 1. HP: 15/15 MP: 4/4
   268 | D:1      | Reached XP level 2. HP: 14/22 MP: 0/6
   873 | D:2      | Reached XP level 3. HP: 23/28 MP: 4/7
   881 | D:2      | Learned a level 2 spell: Blink
   885 | D:2      | Learned a level 3 spell: Mephitic Cloud
   922 | D:2      | Found a hide-covered altar of Uskayaw.
  1213 | D:2      | Reached XP level 4. HP: 36/36 MP: 4/8
  1260 | D:2      | Found an iron altar of Okawaru.
  1802 | D:3      | Learned a level 3 spell: Conjure Flame
  2035 | D:3      | Found a shattered altar of Ashenzari.
  2221 | D:3      | Reached XP level 5. HP: 24/42 MP: 0/9
  2433 | D:3      | Found a deep blue altar of Sif Muna.
  2433 | D:3      | Noticed Jessica
  2433 | D:3      | Noticed Paulus's ghost (amateur HuMo)
  2452 | D:3      | Killed Jessica
  2452 | D:3      | Reached skill level 5 in Conjurations
  2466 | D:3      | Killed Paulus's ghost
  2466 | D:3      | Reached XP level 6. HP: 14/49 MP: 5/10
  2613 | D:3      | Found an opulent altar of Gozag.
  2922 | D:4      | Reached skill level 1 in Poison Magic
  2964 | D:4      | Reached skill level 1 in Fighting
  2964 | D:4      | Reached skill level 1 in Maces & Flails
  2991 | D:4      | Found the +3 giant club "Skullcrusher" {speed, Str+7}
  3095 | D:4      | Reached XP level 7. HP: 57/57 MP: 6/11
  3106 | D:4      | Found a stormy altar of Qazlal.
  3363 | D:4      | Found Uxustiq's Assorted Antiques.
  3378 | D:4      | Bought a fizzy inky potion for 21 gold pieces
  3378 | D:4      | Bought a scroll labeled UNADOAFODD for 24 gold pieces
  3378 | D:4      | Bought a bloodstained leather armour for 168 gold pieces
  3388 | D:4      | Identified the +0 leather armour of Democracy {rElec rF- Dex+4} (You bought it in a shop on level 4 of the Dungeon)
  3551 | D:5      | Entered Level 5 of the Dungeon
  4119 | D:5      | Found a snail-covered altar of Cheibriados.
  4195 | D:5      | Found a staircase to the Ecumenical Temple.
  4202 | Temple   | Entered the Ecumenical Temple
  4237 | Temple   | Became a worshipper of Kikubaaqudgha
  4348 | D:6      | Noticed a two-headed ogre
  4465 | D:6      | Reached XP level 8. HP: 51/69 MP: 12/12
  4645 | D:6      | Noticed Duvessa
  4652 | D:6      | Noticed Dowan
  4669 | D:6      | Killed Duvessa
  4669 | D:6      | Reached skill level 5 in Poison Magic
  4681 | D:6      | Killed Dowan
  4747 | D:6      | Found a runed door.
  4751 | D:6      | Noticed Crazy Yiuf
  4761 | D:6      | Killed Crazy Yiuf
  4876 | D:6      | Noticed Sigmund
  4894 | D:6      | Killed Sigmund
  4894 | D:6      | Reached skill level 1 in Staves
  4898 | D:6      | Found a sparkling altar of Nemelex Xobeh.
  4961 | D:6      | Killed a two-headed ogre
  4961 | D:6      | Reached skill level 5 in Fighting
  4961 | D:6      | Reached skill level 4 in Spellcasting
  4961 | D:6      | Reached XP level 9. HP: 58/82 MP: 5/15
  5048 | D:6      | Found a hazy altar of Hepliaklqana.
  5049 | D:6      | Found a radiant altar of Vehumet.
  5167 | D:7      | Reached skill level 5 in Spellcasting
  5205 | D:7      | Reached * piety under Kikubaaqudgha
  5205 | D:7      | Identified Kikubaaqudgha's Grimoire of Darkness (Kikubaaqudgha gifted it to you on level 7 of the Dungeon)
  5205 | D:7      | Received a gift from Kikubaaqudgha
  5566 | D:7      | Reached skill level 1 in Fire Magic
  5729 | D:7      | Found a glowing silver altar of Zin.
  5771 | D:7      | Reached skill level 5 in Staves
  5790 | D:7      | Reached skill level 6 in Spellcasting
  5790 | D:7      | Reached XP level 10. HP: 25/91 MP: 8/19
  5885 | D:7      | Learned a level 3 spell: Confuse
  5995 | D:8      | Noticed bubblethief's ghost (novice TeAE)
  6067 | D:8      | Killed bubblethief's ghost
  6067 | D:8      | Reached skill level 1 in Hexes
  6100 | D:8      | Found a shimmering altar of Xom.
  6103 | D:8      | Found Qefaevit's Distillery.
  6103 | D:8      | Found Fiwooj Onank's Antique Armour Emporium.
  6103 | D:8      | Noticed a two-headed ogre
  6118 | D:8      | Killed a two-headed ogre
  6136 | D:8      | Bought a potion of lignification for 39 gold pieces
  6136 | D:8      | Bought 2 potions of agility for 104 gold pieces
  6198 | D:8      | Reached ** piety under Kikubaaqudgha
  6362 | D:8      | Reached skill level 7 in Spellcasting
  6368 | D:8      | Found a burning altar of Makhleb.
  6393 | D:8      | Found Sisocogu's General Store.
  6396 | D:8      | Bought a scroll of identify for 32 gold pieces
  6396 | D:8      | Found Nurph's Jewellery Shoppe.
  6617 | D:8      | Noticed a death yak
  6643 | D:8      | Slain by a death yak

Vault maps used:
D:1:      dpeg_arrival_tiny_j, minmay_misc_feat_roman
D:2:      okawaru_trees_1, eat_drink_and_be_merry_uskayaw,
          kennysheep_generic_room_15
D:3:      minmay_door_path, nicolae_gozag_seed_capital, tgw_sif,
          evilmike_ruin_ashenzari, solitary_fountain
D:4:      nicolae_qazlal_eye_of_the_storm, serial_shops,
          nicolae_shop_window_shopping
D:5:      cheibrodos_worm_habitat, minmay_temple_entry_fiery, first_ration,
          grunt_decor_clamped, kennysheep_another_room, minmay_misc_feat_encased
D:6:      gammafunk_temple_overflow_wave, nemelex_diamond_rough_becter,
          uniq_duvessa, uniq_sigmund, uniq_crazy_yiuf_cottage
D:7:      zin_treasury, grunt_livestock
D:8:      makhleb_heckhound_becter, kennysheep_mini, serial_shops, shop, shop,
          shop, shop, kennysheep_mini_moat, serial_ice, serial_ice_n,
          serial_ice_l, serial_ice_m, serial_ice_c, serial_ice_b, serial_ice_f,
          basic_altar
Temple:   jpeg_temple_island

Skill      XL: |  1  2  3  4  5  6  7  8  9 10 |
---------------+-------------------------------+-----
Conjurations   | 2 3 4 6 |  6.2
Poison Magic   | 2 4 5 |  5.2
Fighting       | 1 3 5 6 |  6.0
Maces & Flails | 1 3 4 |  4.6
Staves         | 3 5 6 |  6.4
Spellcasting   | 4 6 7 |  7.1
Fire Magic     | 2 4 |  4.8
Hexes          | 2 |  2.7
Translocations | 3 |  3.0
Dodging        | |  1.5
Stealth        | |  3.0
Summonings     | |  1.0

Action                   |  1- 3 |  4- 6 |  7- 9 | 10-12 || total
-------------------------+-------+-------+-------+-------++-------
Melee: Whip              |       |    19 |    25 |       ||    44
       Short sword       |       |     1 |       |       ||     1
       Mace              |       |    15 |    44 |       ||    59
       Quarterstaff      |       |       |    53 |    85 ||   138
 Fire: Hunting sling     |       |       |    20 |     4 ||    24
 Cast: Magic Dart        |    48 |    54 |   117 |    68 ||   287
       Blink             |       |     1 |     1 |     2 ||     4
       Mephitic Cloud    |       |     1 |    12 |     6 ||    19
       Conjure Flame     |       |       |     4 |     2 ||     6
 Abil: Spit Poison       |    30 |    34 |    42 |    21 ||   127
Evoke: Wand              |       |       |       |     1 ||     1
  Use: Potion            |       |     7 |     2 |     2 ||    11
       Scroll            |       |     5 |     2 |     1 ||     8
 Stab: Invisible         |       |     1 |       |       ||     1
       Sleeping          |       |     1 |     3 |       ||     4
       Confused          |       |       |     3 |     1 ||     4
       Paralysed         |       |       |       |     2 ||     2
  Eat: Chunk             |     2 |     7 |    12 |     3 ||    24
Armor: Robe              |     3 |    12 |    24 |    22 ||    61
       Skin              |       |       |       |     2 ||     2
Dodge: Dodged            |     9 |    33 |    66 |    46 ||   154

Table legend:
 A = Spawn XP
 B = Non-spawn XP
 C = Spawn XP percentage of total XP
 D = Spawn monster count
 E = Non-spawn monster count
 F = Spawn count percentage of total count
 G = Total turns spent on level
                    A         B        C        D         E        F      G
               +---------+---------+-------+---------+---------+-------+---------
         Total |       0 |    8367 |   0.0 |       0 |     178 |   0.0 |  6643
               +---------+---------+-------+---------+---------+-------+---------
           D:1 |       0 |      22 |   0.0 |       0 |      12 |   0.0 |   676
           D:2 |       0 |      81 |   0.0 |       0 |      23 |   0.0 |  1005
           D:3 |       0 |     319 |   0.0 |       0 |      29 |   0.0 |  1214
           D:4 |       0 |     318 |   0.0 |       0 |      19 |   0.0 |   656
           D:5 |       0 |     344 |   0.0 |       0 |      13 |   0.0 |   753
           D:6 |       0 |    1916 |   0.0 |       0 |      21 |   0.0 |   708
           D:7 |       0 |    2184 |   0.0 |       0 |      26 |   0.0 |   957
           D:8 |       0 |    3183 |   0.0 |       0 |      35 |   0.0 |   604
               +---------+---------+-------+---------+---------+-------+---------
